 Dungeon Crawl Stone Soup version 0.29.1-15-g9cfb28693d (webtiles) character file.

Game seed: 6631112180703206941

68 protoss039 the Digger (level 4, 33/33 HPs)
             Began as a Demonspawn Earth Elementalist on Mar 12, 2023.
             Got out of the dungeon alive.
             The game lasted 00:02:26 (2192 turns).

protoss039 the Digger (DsEE)                        Turns: 2192, Time: 00:02:27

Health: 33/33      AC:  7    Str:  8    XL:     4   Next: 1%
Magic:  8/8        EV: 10    Int: 18    God:
Gold:   89         SH:  0    Dex: 14    Spells: 5/8 levels left

rFire   . . .      SeeInvis .   d - +0 dagger
rCold   . . .      Faith    .   (no shield)
rNeg    . . .      Spirit   .   k - +0 ring mail
rPois   .          Reflect  .   (no helmet)
rElec   .          Harm     .   (no cloak)
rCorr   .          Rampage  .   f - +0 pair of gloves
Will    .....                   s - +0 pair of boots
Stlth   +.........              (no amulet)
HPRegen 0.11/turn               (no ring)
MPRegen 0.11/turn               (no ring)

@: no status effects
A: demonic magic 1, weakness stinger 1, demonic touch 1
a: no special abilities


You escaped.
You visited 1 branch of the dungeon, and saw 3 of its levels.

You collected 89 gold pieces.

Inventory:

Hand Weapons
 d - a +0 dagger (weapon)
Armour
 f - a +0 pair of gloves (worn)
 k - a +0 ring mail (worn)
 s - a +0 pair of boots (worn)
Wands
 l - a wand of flame (25)
Scrolls
 a - a scroll of noise {unknown}
 c - 2 scrolls of identify
 h - 3 scrolls of fear {unknown}
 j - a scroll of magic mapping {unknown}
 n - 2 scrolls of enchant armour {unknown}
 r - a scroll of immolation {unknown}
Potions
 b - a potion of magic
 e - a potion of curing {unknown}
 g - 2 potions of berserk rage
 i - a potion of brilliance {unknown}
 m - a potion of might {unknown}
 o - a potion of mutation {unknown}
 p - a potion of invisibility {unknown}
 q - 2 potions of ambrosia {unknown}


   Skills:
 + Level 1.9 Fighting
 * Level 0.2 Armour
 - Level 1.7 Dodging
 - Level 1.7 Stealth
 + Level 2.8 Spellcasting
 - Level 0.8 Transmutations
 + Level 3.3 Earth Magic


You had 5 spell levels left.
You knew the following spells:

 Your Spells              Type           Power      Damage    Failure   Level
a - Sandblast             Erth           28%        2d8       13%         1
b - Passwall              Tmut/Erth      8%         N/A       32%         2

Your spell library contained the following spells:

 Spells                   Type           Power      Damage    Failure   Level
 Static Discharge         Conj/Air       2%         3-4/arc   61%         2
 Stone Arrow              Conj/Erth      16%        3d8       61%         3
 Petrify                  Tmut/Erth      10%        N/A       91%         4
 Dispel Undead            Necr           2%         3d7       99%         4
 Sticky Flame             Conj/Fire      2%         2d3       99%         4
 Malign Gateway           Summ/Tloc      1%         N/A       100%        7
 Summon Horrible Things   Summ           1%         N/A       100%        8


Dungeon Overview and Level Annotations

Branches:
Dungeon (3/15) Zot: 15779

Altars:

Shops:
D:1 (


Innate Abilities, Weirdness & Mutations

Spells you cast may paralyse adjacent enemies.
You have a small tail.
Your touch may inflict minor irresistible damage on your foes.


Message History

Aiming: Sandblast (safe; 13% risk of failure)
Press: ? - help, Shift-Dir - straight line, f - endoplasm
Aim: an endoplasm (98% to hit)
The blast of sand hits the endoplasm.
The endoplasm is heavily wounded.
Malevolent energies surge around you.
The endoplasm hits you but does no damage.
The endoplasm freezes you.
You are frozen.
You hit the endoplasm.
The endoplasm is severely wounded.
The endoplasm closely misses you.
Unknown command.
You hit the endoplasm.
You kill the endoplasm!
You have reached level 4!
You feel agile.
Your demonic ancestry asserts itself...
Your hands begin to faintly glow with unholy energy.
Casting: Sandblast (safe; 13% risk of failure)
Confirm with . or Enter, or press ? or * to list all spells.
Aiming: Sandblast (safe; 13% risk of failure)
Press: ? - help, Shift-Dir - straight line, f - you That would be overly suicidal.
Okay, then.
Unknown command.
You see here a rat corpse.
There is a stone staircase leading up here.
You climb upwards.
There is a stone staircase leading down here.
(D) Dungeon
Where to? (Enter - D:3 @ (x,y), ? - help)
What level of the Dungeon? (default 1, ? - help)
There is an open door here.
HP restored.
There is a stone staircase leading up here.
You climb upwards.
There is a stone staircase leading down here.
There is a staircase leading out of the dungeon here.
Are you sure you want to leave the Dungeon?
This will make you lose the game!
You have escaped!

###.### ###
#####~~.~≈####
#≈≈#≈~...~≈≈≈##
#≈≈≈~.....~~≈≈#
##≈≈.......~≈≈#
#≈~.........~~#
##....≈~~....##
#....~...~....# ###
##...~.@.~...## #..
#.#..~...~....# #..
###[..~~~....~# #..
#≈≈.........~## #..
#≈~~.......~~≈# #..
##~#~.....#≈≈## #..
###≈~...~##≈≈# #..
##≈~.~~##### #..
###..#############..


There were no monsters in sight!

Vanquished Creatures
  3 adders
  A dart slug (D:1)
  3 ball pythons
  3 bats
  4 endoplasms
  2 giant cockroaches
  6 hobgoblins
  4 frilled lizards
  3 goblins (D:1)
  6 kobolds
  5 rats
40 creatures vanquished.

Notes
Turn   | Place    | Note
-------+----------+-------------------------------------------
     0 | D:1      | protoss039 the Demonspawn Earth Elementalist began the
                  | quest for the Orb.
     0 | D:1      | Reached XP level 1. HP: 13/13 MP: 3/3
   114 | D:1      | Found Adei's Antique Weapon Shop.
   240 | D:1      | Gained mutation: Spells you cast may paralyse adjacent
                  | enemies. [demonic ancestry]
   240 | D:1      | Reached XP level 2. HP: 20/20 MP: 1/5
   435 | D:1      | Reached skill level 1 in Fighting
   439 | D:1      | Reached skill level 3 in Earth Magic
   556 | D:1      | Found a faded altar of an unknown god.
  1130 | D:2      | Discovered your monstrous ancestry.
  1130 | D:2      | Gained mutation: You have a small tail. [demonic ancestry]
  1130 | D:2      | Reached XP level 3. HP: 26/26 MP: 3/6
  2009 | D:2      | Learned a level 2 spell: Passwall
  2095 | D:3      | Gained mutation: Your touch may inflict minor irresistible
                  | damage on your foes. [demonic ancestry]
  2095 | D:3      | Reached XP level 4. HP: 27/33 MP: 6/8
  2192 | D:$      | Got out of the dungeon alive.

Illustrated notes

Levels and vault maps discovered:
D:1:      enne_arrival_octagon_isle, layout_basic, serial_shops, shop,
          chequers_ecumenical_altar_island
D:2:      layout_basic
D:3:      layout_loops_ring, grunt_decor_junction

Skill      XL: |  1  2 |
---------------+-------+-----
Fighting       | 1 |  1.9
Earth Magic    | 3 |  3.3
Armour         | |  0.2
Dodging        | |  1.7
Stealth        | |  1.7
Spellcasting   | |  2.8
Transmutations | |  0.8

Action                   |  1- 3 |  4- 6 || total
-------------------------+-------+-------++-------
Melee: Dagger            |    35 |       ||    35
       Short sword       |     6 |       ||     6
       Club              |     3 |       ||     3
       Tailslap          |     2 |       ||     2
 Cast: Sandblast         |    49 |       ||    49
  Use: Scroll            |     1 |       ||     1
 Stab: Paralysed         |     6 |       ||     6
Armor: Ring mail         |    22 |       ||    22
       Robe              |     4 |       ||     4
Dodge: Dodged            |    40 |       ||    40
